TOP OF THE 1ST |
University of South Carolina Gamecocks batting - Pitching for University of Toronto Marlies : RHP Mario Cumplido
|
Pitching: RHP Luke Stannard
|
|
Batting: LHB Jörg Young
|
0-0: Swinging Strike 0-1: Called Strike 0-2: Ball 1-2: Strikes out looking
|
Batting: LHB Bert Webster
|
0-0: Ball 1-0: Ball 2-0: Called Strike 2-1: Foul Ball, location: 2F 2-2: Fly out, F8 (Flyball, 78M, EV 80.0 MPH)
|
Batting: RHB Brian Passalacqua
|
0-0: Called Strike 0-1: Swinging Strike 0-2: Ground out 5-3 (Groundball, 56, EV 84.4 MPH)
|
Top of the 1st over - 0 runs, 0 hits, 0 errors, 0 left on base; University of South Carolina 0 - University of Toronto 0 |
BOTTOM OF THE 1ST |
University of Toronto Marlies batting - Pitching for University of South Carolina Gamecocks : RHP Jabari Gatewood
|
Pitching: RHP Jabari Gatewood
|
|
Batting: RHB Charlie Townend
|
0-0: Ball 1-0: Called Strike 1-1: Ball 2-1: Foul Ball, location: 2F 2-2: Strikes out swinging
|
Batting: LHB Mitch Melton
|
0-0: Ball 1-0: Called Strike 1-1: Swinging Strike 1-2: Ball 2-2: Ball 3-2: Ground out 4-3 (Groundball, 4, EV 90.6 MPH)
|
Batting: RHB Ryan Martin
|
0-0: Foul Ball, location: 2F 0-1: Foul Ball, location: 2F 0-2: Ball 1-2: Ball 2-2: Ball 3-2: Foul Ball, location: 2F 3-2: Foul Ball, location: 2F 3-2: Strikes out swinging
|
Bottom of the 1st over - 0 runs, 0 hits, 0 errors, 0 left on base; University of South Carolina 0 - University of Toronto 0 |
TOP OF THE 2ND |
University of South Carolina Gamecocks batting - Pitching for University of Toronto Marlies : RHP Luke Stannard
|
Batting: RHB Lance Neldon
|
0-0: Fly out, F9 (Flyball, 89S, EV 74.4 MPH)
|
Batting: RHB Josh Shirkey
|
0-0: Ball 1-0: Called Strike 1-1: Reached on error, E6 (Groundball, 6, EV 78.8 MPH)
|
Batting: RHB Ben Turner
|
0-0: Swinging Strike Josh Shirkey is caught stealing 2nd base 2-4 0-1: Swinging Strike 0-2: Foul Ball, location: 2F 0-2: Ball 1-2: Ball 2-2: Foul Ball, location: 2F 2-2: Ball 3-2: Foul Ball, location: 2F 3-2: Base on Balls
|
Pitching: LHP Nick Holt
|
|
Batting: RHB Keith Lynch
|
0-0: Ball 1-0: Called Strike 1-1: Ball 2-1: Foul Ball, location: 2F 2-2: Foul Ball, location: 2F 2-2: Ball 3-2: Foul Ball, location: 2F 3-2: Ground out 5-3 (Groundball, 56S, EV 82.5 MPH)
|
Top of the 2nd over - 0 runs, 0 hits, 1 error, 1 left on base; University of South Carolina 0 - University of Toronto 0 |
BOTTOM OF THE 2ND |
University of Toronto Marlies batting - Pitching for University of South Carolina Gamecocks : RHP Jabari Gatewood
|
Batting: RHB Todd Maybury
|
0-0: Ball 1-0: DOUBLE (Line Drive, 9LM, EV 106.9 MPH)
|
Batting: SHB Conrade Gordon
|
0-0: Fly out, F9 (Flyball, 89S, EV 92.5 MPH)
|
Batting: RHB Steve Campeau
|
0-0: Swinging Strike 0-1: Ball Passed Ball! Todd Maybury to third 1-1: Ball 2-1: Foul Ball, location: 2F 2-2: Ball 3-2: Base on Balls
|
Batting: SHB Jake Seymour
|
0-0: Fly out, F7 (Flyball, 7D, EV 81.9 MPH) Runner from 3rd tags up, SCORES, throw by LF
|
Batting: RHB Aaron Knight
|
0-0: Foul Ball, location: 2F 0-1: Foul Ball, location: 2F 0-2: Strikes out swinging
|
Bottom of the 2nd over - 1 run, 1 hit, 0 errors, 1 left on base; University of South Carolina 0 - University of Toronto 1 |
TOP OF THE 3RD |
University of South Carolina Gamecocks batting - Pitching for University of Toronto Marlies : LHP Nick Holt
|
Batting: RHB Abel Wensink
|
0-0: Ground out 5-3 (Groundball, 56, EV 87.5 MPH)
|
Batting: RHB Jonathan Long
|
0-0: SOLO HOME RUN (Flyball, 89XD, EV 113.1 MPH), Distance : 424 ft
|
Batting: LHB Jörg Young
|
0-0: Ball 1-0: Foul Ball, location: 2F 1-1: Swinging Strike 1-2: Strikes out swinging
|
Batting: LHB Bert Webster
|
0-0: Fly out, F7 (Flyball, 7S, EV 91.9 MPH)
|
Top of the 3rd over - 1 run, 1 hit, 0 errors, 0 left on base; University of South Carolina 1 - University of Toronto 1 |
BOTTOM OF THE 3RD |
University of Toronto Marlies batting - Pitching for University of South Carolina Gamecocks : RHP Jabari Gatewood
|
Batting: RHB Kevin McGaughey
|
0-0: SINGLE (Line Drive, 7LS, EV 93.8 MPH)
|
Batting: RHB Charlie Townend
|
0-0: Ball Kevin McGaughey steals 2nd base 1-0: Ball 2-0: Called Strike 2-1: Foul Ball, location: 2F 2-2: Ball 3-2: Foul Ball, location: 2F 3-2: Base on Balls
|
Batting: LHB Mitch Melton
|
0-0: Foul Ball, location: 2F 0-1: Foul Ball, location: 2F 0-2: Strikes out swinging
|
Batting: RHB Ryan Martin
|
0-0: Called Strike 0-1: Ball 1-1: Ball 2-1: Ball 3-1: Foul Ball, location: 2F 3-2: Foul Ball, location: 2F 3-2: Fielders Choice at 2nd, 4-6 (Groundball, 4, EV 83.1 MPH) Kevin McGaughey to third
|
Batting: RHB Todd Maybury
|
0-0: Called Strike 0-1: Ball 1-1: Ball 2-1: Ball 3-1: Fly out, F9 (Flyball, 9D, EV 89.4 MPH)
|
Bottom of the 3rd over - 0 runs, 1 hit, 0 errors, 2 left on base; University of South Carolina 1 - University of Toronto 1 |
TOP OF THE 4TH |
University of South Carolina Gamecocks batting - Pitching for University of Toronto Marlies : LHP Nick Holt
|
Batting: RHB Brian Passalacqua
|
0-0: Fly out, F8 (Flyball, 8LS, EV 91.2 MPH)
|
Batting: RHB Lance Neldon
|
0-0: Called Strike 0-1: Ball 1-1: Ball 2-1: Ball 3-1: Called Strike 3-2: SINGLE (Line Drive, 8LS, EV 92.5 MPH)
|
Pitching: RHP Mike McDonald
|
|
Batting: RHB Josh Shirkey
|
0-0: Called Strike 0-1: Fielders Choice at 2nd, 4-6 (Groundball, 34, EV 80.6 MPH)
|
Batting: RHB Ben Turner
|
0-0: Ball Wild Pitch! Josh Shirkey to second 1-0: Called Strike 1-1: Foul Ball, location: 2F 1-2: Strikes out looking
|
Top of the 4th over - 0 runs, 1 hit, 0 errors, 1 left on base; University of South Carolina 1 - University of Toronto 1 |
BOTTOM OF THE 4TH |
University of Toronto Marlies batting - Pitching for University of South Carolina Gamecocks : RHP Jabari Gatewood
|
Batting: SHB Conrade Gordon
|
0-0: Swinging Strike 0-1: Ball 1-1: Foul Ball, location: 2F 1-2: Strikes out looking
|
Batting: RHB Steve Campeau
|
0-0: Swinging Strike 0-1: Foul Ball, location: 2F 0-2: Strikes out swinging
|
Batting: SHB Jake Seymour
|
0-0: Foul Ball, location: 2F 0-1: Ball 1-1: Ball 2-1: Foul Ball, location: 2F 2-2: Foul Ball, location: 2F 2-2: Foul Ball, location: 2F 2-2: Fly out, F7 (Flyball, 7D, EV 107.5 MPH)
|
Bottom of the 4th over - 0 runs, 0 hits, 0 errors, 0 left on base; University of South Carolina 1 - University of Toronto 1 |
TOP OF THE 5TH |
University of South Carolina Gamecocks batting - Pitching for University of Toronto Marlies : RHP Mike McDonald
|
Now at C: Konrad van Pelt
|
|
Batting: RHB Keith Lynch
|
0-0: Ball 1-0: Called Strike 1-1: Fly out, F8 (Line Drive, 8RM, EV 88.8 MPH)
|
Batting: RHB Abel Wensink
|
0-0: Called Strike 0-1: Ground out 6-3 (Groundball, 6, EV 91.2 MPH)
|
Batting: RHB Jonathan Long
|
0-0: Called Strike 0-1: Ground out 5-3 (Groundball, 56S, EV 91.9 MPH)
|
Top of the 5th over - 0 runs, 0 hits, 0 errors, 0 left on base; University of South Carolina 1 - University of Toronto 1 |
BOTTOM OF THE 5TH |
University of Toronto Marlies batting - Pitching for University of South Carolina Gamecocks : RHP Jabari Gatewood
|
Pitching: RHP Danny Ramos
|
|
Now at 1B: Joel Bany
|
|
Batting: RHB Aaron Knight
|
0-0: DOUBLE (Groundball, 5L, EV 95.0 MPH)
|
Batting: RHB Kevin McGaughey
|
0-0: Ball 1-0: Ball 2-0: Swinging Strike 2-1: Foul Ball, location: 2F 2-2: Strikes out swinging
|
Pinch Hitting: RHB John Wilson
|
0-0: Ball 1-0: Foul Ball, location: 2F 1-1: Swinging Strike 1-2: Fly out, F1 (Line Drive, P, EV 71.9 MPH)
|
Batting: LHB Mitch Melton
|
0-0: Called Strike 0-1: Ball 1-1: Foul Ball, location: 2F 1-2: Foul Ball, location: 2F 1-2: Ball 2-2: Ball 3-2: Fly out, F7 (Flyball, 7LS, EV 86.2 MPH)
|
Bottom of the 5th over - 0 runs, 1 hit, 0 errors, 1 left on base; University of South Carolina 1 - University of Toronto 1 |
TOP OF THE 6TH |
University of South Carolina Gamecocks batting - Pitching for University of Toronto Marlies : RHP Mike McDonald
|
Now at 3B: Aaron Knight
|
|
Now at SS: John Wilson
|
|
Pinch Hitting: LHB Chris McNay
|
0-0: Ball 1-0: Ball 2-0: Ball 3-0: Base on Balls
|
Pinch Hitting: RHB Danny Narvaez
|
0-0: Ball 1-0: Sac Bunt to 2L - play at second, runner safe!
|
Pinch Hitting: LHB Bob Conway
|
0-0: Ball 1-0: Foul Ball, location: 2F 1-1: Ball 2-1: Swinging Strike 2-2: Strikes out swinging
|
Pitching: RHP Gui Xú
|
|
Batting: RHB Justin Kurutz
|
0-0: Ball 1-0: Ball 2-0: DOUBLE (Line Drive, 89M, EV 108.1 MPH) Chris McNay scores Danny Narvaez to third
|
Batting: RHB Josh Shirkey
|
0-0: Ball 1-0: Called Strike 1-1: Foul Ball, location: 2F 1-2: Ball 2-2: Ball 3-2: Foul Ball, location: 2F 3-2: Fly out, F2 (Popup, 2L, EV 94.4 MPH)
|
Batting: RHB Ben Turner
|
0-0: Fly out, F8 (Flyball, 78M, EV 85.6 MPH)
|
Top of the 6th over - 1 run, 1 hit, 0 errors, 2 left on base; University of South Carolina 2 - University of Toronto 1 |
BOTTOM OF THE 6TH |
University of Toronto Marlies batting - Pitching for University of South Carolina Gamecocks : RHP Danny Ramos
|
Now at 1B: Keith Mihas
|
|
Now at 2B: Danny Narvaez
|
|
Now in LF: David Fowler
|
|
Now in RF: Gregg Burchett
|
|
Batting: RHB Ryan Martin
|
0-0: Ground out 5-3 (Groundball, 56S, EV 93.1 MPH)
|
Batting: RHB Todd Maybury
|
0-0: Ground out 4-3 (Groundball, 4, EV 93.8 MPH)
|
Batting: RHB Konrad van Pelt
|
0-0: Ball 1-0: Ball 2-0: Foul Ball, location: 2F 2-1: Foul Ball, location: 2F 2-2: Foul Ball, location: 2F 2-2: Ball 3-2: Foul Ball, location: 2F 3-2: Base on Balls
|
Pitching: RHP Jop van Grootveld
|
|
Batting: RHB Steve Campeau
|
0-0: Called Strike 0-1: Called Strike 0-2: Fly out, F4 (Line Drive, 4, EV 71.2 MPH)
|
Bottom of the 6th over - 0 runs, 0 hits, 0 errors, 1 left on base; University of South Carolina 2 - University of Toronto 1 |
TOP OF THE 7TH |
University of South Carolina Gamecocks batting - Pitching for University of Toronto Marlies : RHP Gui Xú
|
Batting: SHB Keith Mihas
|
0-0: Ball 1-0: Foul Ball, location: 2F 1-1: Foul Ball, location: 2F 1-2: Foul Ball, location: 2F 1-2: Ball 2-2: Strikes out swinging
|
Pinch Hitting: RHB Phil Hanley
|
0-0: Swinging Strike 0-1: Foul Ball, location: 2F 0-2: Ball 1-2: Ball 2-2: Foul Ball, location: 2F 2-2: Strikes out swinging
|
Pitching: RHP Jerry Pozos
|
|
Batting: RHB Jonathan Long
|
0-0: Ball 1-0: Ball 2-0: Swinging Strike 2-1: Ball 3-1: Foul Ball, location: 2F 3-2: Strikes out swinging
|
Top of the 7th over - 0 runs, 0 hits, 0 errors, 0 left on base; University of South Carolina 2 - University of Toronto 1 |
BOTTOM OF THE 7TH |
University of Toronto Marlies batting - Pitching for University of South Carolina Gamecocks : RHP Jop van Grootveld
|
Pitching: RHP Nelson Knopp
|
|
Now at C: Pete Fitchett
|
|
Now at 3B: Steve Gibson
|
|
Now in CF: Phil Hanley
|
|
Batting: SHB Jake Seymour
|
0-0: Called Strike 0-1: Swinging Strike 0-2: Ball 1-2: Ground out 5-3 (Groundball, 5, EV 90.0 MPH)
|
Batting: RHB Aaron Knight
|
0-0: Ball 1-0: Ball 2-0: Called Strike 2-1: Ground out 5-3 (Groundball, 56, EV 102.5 MPH)
|
Batting: RHB Kevin McGaughey
|
0-0: Called Strike 0-1: Ball 1-1: Foul Ball, location: 2F 1-2: Reached on error, E5 (Groundball, 5L, EV 110.6 MPH)
|
Batting: RHB John Wilson
|
0-0: Ground out 4-3 (Groundball, 34, EV 102.5 MPH)
|
Bottom of the 7th over - 0 runs, 0 hits, 1 error, 1 left on base; University of South Carolina 2 - University of Toronto 1 |
TOP OF THE 8TH |
University of South Carolina Gamecocks batting - Pitching for University of Toronto Marlies : RHP Jerry Pozos
|
Batting: LHB David Fowler
|
0-0: Ball 1-0: Called Strike 1-1: Ball 2-1: Ball 3-1: Base on Balls
|
Batting: RHB Danny Narvaez
|
0-0: Bunted foul 0-1: Bunted foul 0-2: Ball 1-2: Ball 2-2: Grounds into double play, 4-6-3 (Groundball, 34S, EV 83.8 MPH)
|
Batting: LHB Gregg Burchett
|
0-0: SINGLE (Line Drive, 78S, EV 105.0 MPH)
|
Batting: RHB Justin Kurutz
|
0-0: Ball 1-0: Ball 2-0: Swinging Strike 2-1: SINGLE (Groundball, 6S, EV 71.9 MPH) (infield hit) Gregg Burchett to second
|
Batting: RHB Steve Gibson
|
0-0: Called Strike 0-1: Foul Ball, location: 2F 0-2: Fly out, F7 (Flyball, 7D, EV 85.0 MPH)
|
Top of the 8th over - 0 runs, 2 hits, 0 errors, 2 left on base; University of South Carolina 2 - University of Toronto 1 |
BOTTOM OF THE 8TH |
University of Toronto Marlies batting - Pitching for University of South Carolina Gamecocks : RHP Nelson Knopp
|
Pitching: LHP Cris Duran
|
|
Batting: LHB Mitch Melton
|
0-0: Ball 1-0: SINGLE (Line Drive, 89D, EV 110.6 MPH)
|
Batting: RHB Ryan Martin
|
0-0: Ball 1-0: 2-RUN HOME RUN (Flyball, 78XD, EV 116.2 MPH), Distance : 439 ft
|
Batting: RHB Todd Maybury
|
0-0: Ball 1-0: Fly out, F8 (Line Drive, 8LM, EV 83.8 MPH)
|
Batting: RHB Konrad van Pelt
|
0-0: Called Strike 0-1: Foul Ball, location: 2F 0-2: Ball 1-2: Strikes out looking
|
Batting: RHB Steve Campeau
|
0-0: Ball 1-0: Foul Ball, location: 2F 1-1: SINGLE (Groundball, 34D, EV 108.8 MPH)
|
Batting: SHB Jake Seymour
|
0-0: Ball 1-0: Called Strike 1-1: Swinging Strike 1-2: Ball 2-2: Fly out, F7 (Line Drive, 78M, EV 97.5 MPH)
|
Bottom of the 8th over - 2 runs, 3 hits, 0 errors, 1 left on base; University of South Carolina 2 - University of Toronto 3 |
TOP OF THE 9TH |
University of South Carolina Gamecocks batting - Pitching for University of Toronto Marlies : RHP Jerry Pozos
|
Batting: RHB Ben Turner
|
0-0: Fly out, F8 (Line Drive, 78D, EV 90.0 MPH)
|
Batting: SHB Keith Mihas
|
0-0: Ball 1-0: Ball 2-0: Ball 3-0: Called Strike 3-1: Base on Balls
|
Batting: RHB Phil Hanley
|
0-0: Called Strike 0-1: Ball 1-1: Ball 2-1: SINGLE (Groundball, 56D, EV 94.4 MPH) Keith Mihas to second
|
Pinch Hitting: LHB Corey Lomas
|
0-0: Ball 1-0: Called Strike 1-1: Foul Ball, location: 2F 1-2: Ball 2-2: Strikes out looking
|
Batting: LHB David Fowler
|
0-0: Foul Ball, location: 2F 0-1: Ball 1-1: Swinging Strike 1-2: Ball 2-2: Ball 3-2: Ground out 5-3 (Groundball, 56, EV 103.1 MPH)
|
Top of the 9th over - 0 runs, 1 hit, 0 errors, 2 left on base; University of South Carolina 2 - University of Toronto 3 |
|